 Dungeon Crawl Stone Soup version 0.22-a0-772-gac08f70 (webtiles) character file.

868 Amnesiac the Digger (level 7, 0/46 HPs)
             Began as a Demonspawn Earth Elementalist on July 17, 2018.
             Slain by Duvessa
             ... wielding a +3 short sword of electrocution
              (20 damage)
             ... on level 5 of the Dungeon.
             The game lasted 00:08:51 (3509 turns).

Amnesiac the Digger (Demonspawn Earth Elementalist) Turns: 3509, Time: 00:08:52

Health: 0/46       AC:  5    Str:  9    XL:     7   Next: 73%
Magic:  13/13      EV: 13    Int: 18    God:
Gold:   207        SH:  0    Dex: 13    Spells: 5/15 levels left

rFire    . . .     SeeInvis .   a - +0 dagger
rCold    . . .     Gourm    .   (no shield)
rNeg     . . .     Faith    .   c - +0 robe
rPois    .         Spirit   .   (helmet restricted)
rElec    .         Reflect  .   (no cloak)
rCorr    .         Harm     .   s - +0 pair of gloves
MR       +....                  (no boots)
Stlth    ++++......             (no amulet)
HPRegen  0.15/turn              q - ring of protection from magic
MPRegen  0.13/turn              (no ring)

@: no status effects
A: antennae 1, yellow scales 1, nightstalker 2, rot immunity
a: no special abilities


You were on level 5 of the Dungeon.
You were hungry.

You visited 1 branch of the dungeon, and saw 5 of its levels.

You collected 207 gold pieces.

Inventory:

Hand Weapons
 a - a +0 dagger (weapon)
Missiles
 r - 32 stones (quivered)
Armour
 c - a +0 robe (worn)
 s - a +0 pair of gloves (worn)
Magical Staves
 g - an uncursed staff of poison
 k - an uncursed staff of cold
Jewellery
 q - a ring of protection from magic (left hand)
Wands
 l - a wand of random effects (36)
Scrolls
 f - 3 scrolls of noise {!r, unknown}
 h - a scroll of blinking {!r, unknown}
 i - 4 scrolls of identify {!r, unknown}
 j - 2 scrolls of fog {!r, unknown}
 m - a scroll of remove curse {!r, unknown}
 o - a scroll of teleportation {!r, unknown}
Potions
 b - a potion of brilliance {!q, unknown}
 e - a potion of lignification {!q, unknown}
 n - 2 potions of heal wounds {!q, unknown}
 p - a potion of curing {!q, unknown}
 t - a potion of invisibility {!q, unknown}
 v - 2 potions of degeneration {!q, unknown}
Comestibles
 d - 8 rations


   Skills:
 - Level 2.1 Short Blades
 - Level 2.4 Dodging
 - Level 2.0 Stealth
 + Level 4.6 Spellcasting
 - Level 1.0 Transmutations
 * Level 6.6 Earth Magic


You had 5 spell levels left.
You knew the following spells:

 Your Spells              Type           Power        Failure   Level  Hunger
a - Stone Arrow           Conj/Erth      ###...       11%         3    ###....
b - Passwall              Tmut/Erth      ###.....     4%          2    #......
c - Sandblast             Erth           ####..       1%          1    None
e - Petrify               Tmut/Erth      ###.....     28%         4    ####...

Your spell library contained the following spells:

 Spells                   Type           Power        Failure   Level  Hunger
 Lee's Rapid Deconstruct  Erth           ####......   26%         5    ######.


Dungeon Overview and Level Annotations

Branches:
Dungeon (5/15)
 Temple: D:4-7

Altars:

Annotations:
D:4 exclusion: two-headed ogre
D:5 Dowan, Duvessa


Innate Abilities, Weirdness & Mutations

You have a pair of small antennae on your head.
You are partially covered in yellow scales. (AC +2)
You are significantly more attuned to the shadows.
You are immune to rotting.


Message History

Your hair momentarily turns into snakes!
You are feeling hungry.
Duvessa hits you with a short sword of electrocution!
Casting: Petrify (quite dangerous; 28% risk of failure)
Confirm with . or Enter, or press ? or * to list all spells.
Aiming: Petrify (quite dangerous; 28% risk of failure)
Press: ? - help, Shift-Dir - straight line, f/p - Duvessa
Aim: Duvessa, wielding a short sword of electrocution and wearing a leather armour (moderately wounded, chance to defeat MR: 30%) Duvessa easily resists.
Duvessa hits you with a short sword of electrocution.
Casting: Petrify (quite dangerous; 28% risk of failure)
Confirm with . or Enter, or press ? or * to list all spells.
Aiming: Petrify (quite dangerous; 28% risk of failure)
Press: ? - help, Shift-Dir - straight line, f/p - Duvessa
Aim: Duvessa, wielding a short sword of electrocution and wearing a leather armour (moderately wounded, chance to defeat MR: 30%) Duvessa easily resists.
Duvessa misses you.
Eat one of 4 chunks of flesh? (ye/n/q)
You eat one of the 4 chunks of flesh.
This raw flesh tastes terrible.
Duvessa hits you but does no damage.
Duvessa says, "My weaknesses are his strengths!"
Your magical contamination has completely faded away.
Casting: Petrify (quite dangerous; 28% risk of failure)
Confirm with . or Enter, or press ? or * to list all spells.
Aiming: Petrify (quite dangerous; 28% risk of failure)
Press: ? - help, Shift-Dir - straight line, f/p - Duvessa
Aim: Duvessa, wielding a short sword of electrocution and wearing a leather armour (moderately wounded, chance to defeat MR: 30%)
You miscast Petrify.
You are very lightly contaminated with residual magic.
Your body is twisted painfully.
Evoke which item? (* to show all) (? for menu, Esc to quit)
Aiming: Random Effects
Press: ? - help, Shift-Dir - straight line, f/p - Duvessa
Aim: Duvessa, wielding a short sword of electrocution and wearing a leather armour (moderately wounded) Duvessa flickers and vanishes!
Deactivating autopickup; reactivate with Ctrl-A.
Something hits you!
You are electrocuted!
* * * LOW HITPOINT WARNING * * *
All of the chunks of flesh in your inventory have rotted away.
Duvessa appears from thin air!
Reactivating autopickup.
There is a stone staircase leading down here.
Press: ? - help, v - describe, . - travel
Here: Duvessa, wielding a short sword of electrocution and wearing a leather armour (lightly wounded)
The floor.
Your magical contamination has completely faded away.
Okay, then.
Duvessa says, "My weaknesses are his strengths!"
Duvessa says, "Where magic fails, the sword succeeds!"
Duvessa says, "Did you see that move?
Perfect!"
Duvessa says, "Did you see that move?
Perfect!"
Press: ? - help, v - describe, . - travel
Here: Duvessa, wielding a short sword of electrocution and wearing a leather armour The floor.
There is a stone staircase leading down here.
You are feeling hungry.
Okay, then.
Duvessa says, "My weaknesses are his strengths!"
Duvessa says, "Where magic fails, the sword succeeds!"
Duvessa says, "My weaknesses are his strengths!"
Duvessa hits you with a short sword of electrocution.
* * * LOW HITPOINT WARNING * * *
You are electrocuted!
You die...

##.....................##
#..##.####.....#.....##
.........#####...#####
######...#........#
##.#...####...# ##..#..##
#...# #..##..######.##
##...........#.#######
##...#######..e@......#
##...## ##..###......#
...### ####..####.)....#
#..# ##...>..##.......#
#.## ##..........#.....#
#.####..........##.....#
................##.....#
..#.............##..<..#
....##..........########


You could see Duvessa.

Vanquished Creatures
  Sigmund (D:5)
  3 ogres
  A howler monkey (D:4)
  A centaur zombie (D:5)
  A jelly (D:4)
  A hound (D:5)
  A bullfrog skeleton (D:5)
  2 iguanas
  Ijyb (D:4)
  Natasha (D:2)
  A worker ant (D:4)
  3 hound skeletons (D:5)
  2 gnolls (D:3)
  5 adders
  2 oozes
  An adder skeleton (D:5)
  A dart slug (D:3)
  A leopard gecko (D:2)
  An orc (D:5)
  A ball python (D:2)
  3 giant cockroaches
  5 goblins
  5 hobgoblins
  4 jackals
  A quokka (D:5)
  5 bats
  A frilled lizard (D:4)
  2 kobolds (D:2)
  3 rats
60 creatures vanquished.

Notes
Turn   | Place    | Note
-------+----------+-------------------------------------------
     0 | D:1      | Amnesiac the Demonspawn Earth Elementalist began the quest for the Orb.
     0 | D:1      | Reached XP level 1. HP: 13/13 MP: 3/3
   332 | D:1      | Gained mutation: You are partially covered in yellow scales. (AC +2) [demonic ancestry]
   332 | D:1      | Reached XP level 2. HP: 19/19 MP: 0/5
   336 | D:1      | Learned a level 2 spell: Passwall
   462 | D:2      | Reached skill level 3 in Earth Magic
   592 | D:2      | Reached skill level 1 in Transmutations
   843 | D:2      | Noticed Natasha
   846 | D:2      | Killed Natasha
   846 | D:2      | Gained mutation: You are slightly more attuned to the shadows. [demonic ancestry]
   846 | D:2      | Reached XP level 3. HP: 24/24 MP: 2/6
  1153 | D:3      | Gained mutation: You are immune to rotting. [demonic ancestry]
  1153 | D:3      | Reached XP level 4. HP: 19/30 MP: 5/7
  1183 | D:3      | Learned a level 3 spell: Stone Arrow
  1297 | D:4      | Noticed an ogre
  1334 | D:4      | Noticed a two-headed ogre
  1344 | D:4      | Killed an ogre
  1344 | D:4      | Reached skill level 4 in Earth Magic
  1344 | D:4      | Gained mutation: You are significantly more attuned to the shadows. [demonic ancestry]
  1344 | D:4      | Reached XP level 5. HP: 35/35 MP: 0/9
  1350 | D:4      | Learned a level 4 spell: Petrify
  1458 | D:4      | Noticed an ogre
  1580 | D:4      | Killed an ogre
  1580 | D:4      | Reached skill level 5 in Earth Magic
  1580 | D:4      | Reached XP level 6. HP: 35/41 MP: 0/11
  1885 | D:3      | Reached skill level 1 in Short Blades
  2384 | D:5      | Entered Level 5 of the Dungeon
  2400 | D:5      | Noticed Ijyb
  2504 | D:4      | Killed Ijyb
  2692 | D:5      | Gained mutation: You have a pair of small antennae on your head. [demonic ancestry]
  2692 | D:5      | Reached XP level 7. HP: 39/46 MP: 0/12
  2951 | D:5      | Reached skill level 6 in Earth Magic
  3158 | D:5      | Noticed Sigmund
  3167 | D:5      | Killed Sigmund
  3324 | D:5      | Noticed Duvessa
  3334 | D:5      | Noticed Dowan
  3509 | D:5      | Slain by Duvessa

Vault maps used:
D:1:      co_arrival_square_in_a_square_in_a_square
D:2:      lemuel_doored_altar, first_ration, chequers_ecumenical_altar_lobes,
          fedhas_altar_3, uniq_natasha
D:3:      uniq_crazy_yiuf_cottage
D:5:      minmay_temple_entry_junction_2, minmay_holes, grunt_tough_drop,
          uniq_ijyb, uniq_sigmund, uniq_duvessa, uniq_pikel

Skill      XL: |  1  2  3  4  5  6  7 |
---------------+----------------------+-----
Stealth        | 2 |  2.0
Dodging        | 2 |  2.4
Earth Magic    | 3 4 5 6 |  6.6
Transmutations | 1 |  1.0
Spellcasting   | 3 4 |  4.6
Short Blades   | 1 2 |  2.1

Action                   |  1- 3 |  4- 6 |  7- 9 || total
-------------------------+-------+-------+-------++-------
Melee: Dagger            |    57 |    85 |    31 ||   173
       Unarmed           |     7 |       |       ||     7
 Cast: Sandblast         |    29 |     4 |       ||    33
       Stone Arrow       |       |    25 |    17 ||    42
       Petrify           |       |     4 |     2 ||     6
       Passwall          |       |     1 |     2 ||     3
Evoke: Wand              |       |     1 |     1 ||     2
 Stab: Sleeping          |     1 |     4 |     6 ||    11
       Petrified         |       |     4 |       ||     4
       Petrifying        |       |     2 |       ||     2
  Eat: Chunk             |     1 |     9 |     4 ||    14
Armor: Robe              |    30 |    10 |     8 ||    48
Dodge: Dodged            |    81 |    74 |    23 ||   178

Table legend:
 A = Spawn XP
 B = Non-spawn XP
 C = Spawn XP percentage of total XP
 D = Spawn monster count
 E = Non-spawn monster count
 F = Spawn count percentage of total count
 G = Total turns spent on level
                    A         B        C        D         E        F      G
               +---------+---------+-------+---------+---------+-------+---------
         Total |       0 |    1240 |   0.0 |       0 |      60 |   0.0 |  3509
               +---------+---------+-------+---------+---------+-------+---------
           D:1 |       0 |      15 |   0.0 |       0 |       6 |   0.0 |   458
           D:2 |       0 |      63 |   0.0 |       0 |      15 |   0.0 |   595
           D:3 |       0 |      66 |   0.0 |       0 |      14 |   0.0 |   359
           D:4 |       0 |     485 |   0.0 |       0 |      12 |   0.0 |  1107
           D:5 |       0 |     611 |   0.0 |       0 |      13 |   0.0 |   990
               +---------+---------+-------+---------+---------+-------+---------
